 Dungeon Crawl Stone Soup version 0.27.0-1-g7a089689b8 (webtiles) character file.

Game seed: 8360613401577139107

36 Thatpatchoflichen the Stinger (level 3, 0/23 HPs)
             Began as an Octopode Venom Mage on Aug 14, 2021.
             Slain by a goblin (4 damage)
             ... on level 3 of the Dungeon.
             The game lasted 00:06:38 (1829 turns).

Thatpatchoflichen the Stinger (Octopode Venom Mage) Turns: 1829, Time: 00:06:38

Health: 0/23       AC:  1    Str:  7    XL:     3   Next: 37%
Magic:  6/6        EV: 13    Int: 18    God:
Gold:   57         SH:  0    Dex: 12    Spells: 1/6 levels left

rFire    . . .     SeeInvis .   j - staff of air
rCold    . . .     Faith    .   (no shield)
rNeg     . . .     Spirit   .   (helmet restricted)
rPois    .         Reflect  .   (no amulet)
rElec    +         Harm     .   (no ring)
rCorr    .         Rampage  .   (no ring)
Will     .....                  (no ring)
Stlth    +++.......             (no ring)
HPRegen  0.07/turn              (no ring)
MPRegen  0.10/turn              (no ring)
                                (no ring)
                                (no ring)

@: no status effects
A: almost no armour, amphibious, 8 rings, camouflage 1, gelatinous body 1,
(nimble swimmer 1), tentacles
a: no special abilities


You were on level 3 of the Dungeon.
You visited 1 branch of the dungeon, and saw 3 of its levels.

You collected 57 gold pieces.

Inventory:

Magical Staves
 j - a staff of air (weapon)
Scrolls
 a - a scroll of magic mapping {unknown}
 b - a scroll of fear {unknown}
 d - a scroll of acquirement {unknown}
 e - a scroll of teleportation {unknown}
 h - a scroll of identify {unknown}
Potions
 c - a potion of degeneration {unknown}
 f - a potion of heal wounds {unknown}
 g - a potion of mutation {unknown}
 i - a potion of might {unknown}


   Skills:
 + Level 1.1 Fighting
 + Level 2.4 Dodging
 - Level 2.6 Stealth
 * Level 2.2 Spellcasting
 - Level 1.5 Transmutations
 + Level 4.0 Poison Magic


You had one spell level left.
You knew the following spells:

 Your Spells              Type           Power      Damage    Failure   Level
a - Sting                 Tmut/Pois      48%        1d5       5%          1
b - Poisonous Vapours     Pois/Air       28%        N/A       12%         2
c - Wereblood             Tmut           7%         N/A       14%         2

Your spell library contained the following spells:

 Spells                   Type           Power      Damage    Failure   Level
 Sublimation of Blood     Necr           0%         N/A       26%         2
 Mephitic Cloud           Conj/Pois/Air  10%        N/A       30%         3
 Olgreb's Toxic Radiance  Pois           16%        N/A       32%         4
 Summon Hydra             Summ           0%         N/A       100%        7


Dungeon Overview and Level Annotations

Branches:
Dungeon (3/15)

Altars:


Innate Abilities, Weirdness & Mutations

You cannot wear most types of armour.
You are amphibious.
You can wear up to eight rings at the same time.
Your skin changes colour to match your surroundings (Stealth+).
Your rubbery body absorbs attacks. (AC +1, EV +1)
((You are camouflaged near water. (Stealth+)))
You have tentacles for arms and can constrict up to eight enemies at once.


Message History

You hit the jackal but do no damage. Your grab misses the jackal.
The jackal misses you.
The jackal bites you but does no damage.
You hit the jackal but do no damage. You grab the jackal.
You constrict the jackal, but do no damage.
The jackal bites you. x2
You hit the jackal. You squeeze the jackal.
The jackal is heavily wounded.
You constrict the jackal, but do no damage.
The jackal barely misses you.
You hit the jackal but do no damage.
The jackal is heavily wounded.
You constrict the jackal. The jackal closely misses you.
The jackal barely misses you.
You hit the jackal but do no damage.
You squeeze the jackal, but do no damage.
The jackal is almost dead.
You constrict the jackal.
You kill the jackal!
You start resting.
HP restored.
You climb upwards.
The jackal bites you. The goblin hits you with a +0 club.
The jackal closely misses you. The goblin completely misses you.
There is a stone staircase leading down, spattered with blood here.
The jackal barely misses you. The goblin hits you with a +0 club.
The jackal misses you.
You climb downwards.
There is a stone staircase leading up, spattered with blood here.
You closely miss the goblin. Your grab misses the goblin. The jackal bites you.
The goblin hits you with a +0 club.
You hit the goblin but do no damage. You grab the goblin.
Your squeeze misses the goblin. You constrict the goblin.
The jackal closely misses you. The goblin hits you with a +0 club.
* * * LOW HITPOINT WARNING * * *
The jackal barely misses you.
You barely miss the jackal. Your grab misses the jackal.
You constrict the goblin. The jackal bites you.
* * * LOW HITPOINT WARNING * * *
The goblin hits you with a +0 club.
You die...

.. ... ...
.... ...
#####...
... #.....
#.. #g#.#
#.##@h.#
#.##..#.###
........#
.##.###[#
#..##.#
#....#
#....###
...#.# ..
#.


You could see a jackal and a goblin.

Vanquished Creatures
  An orc (D:3)
  A ball python (D:1)
  3 bats (D:1)
  5 endoplasms
  A giant cockroach (D:1)
  A goblin (D:1)
  5 hobgoblins
  2 jackals (D:3)
  2 kobolds
  3 quokkas (D:1)
  3 frilled lizards
  2 rats (D:1)
29 creatures vanquished.

Notes
Turn   | Place    | Note
-------+----------+-------------------------------------------
     0 | D:1      | Thatpatchoflichen the Octopode Venom Mage began the quest
                  | for the Orb.
     0 | D:1      | Reached XP level 1. HP: 11/11 MP: 3/3
    25 | D:1      | Found a faded altar of an unknown god.
   329 | D:1      | Reached XP level 2. HP: 11/18 MP: 1/5
   740 | D:1      | Reached skill level 1 in Fighting
   743 | D:1      | Learned a level 2 spell: Poisonous Vapours
   746 | D:1      | Learned a level 2 spell: Wereblood
   832 | D:1      | Reached skill level 4 in Poison Magic
   870 | D:1      | Reached XP level 3. HP: 23/23 MP: 4/6
  1829 | D:3      | Slain by a goblin

Illustrated notes

Levels and vault maps discovered:
D:1:      minmay_arrival_three_doors, layout_basic,
          hellmonk_ecumenical_altar_blasted, minmay_tetromino_l2
D:2:      kennysheep_the_goblin_king, layout_loops_ring, minmay_3d_cube,
          uniq_natasha
D:3:      layout_rooms, grunt_decor_cap, uniq_crazy_yiuf_cottage, uniq_ijyb

Skill      XL: |  1  2 |
---------------+-------+-----
Fighting       | 1 |  1.1
Poison Magic   | 4 |  4.0
Dodging        | |  2.4
Stealth        | |  2.6
Spellcasting   | |  2.2
Transmutations | |  1.5

Action                   || total
-------------------------++-------
Melee: Unarmed           ||    19
       Tentacles         ||     5
       Constrict         ||     7
       Staff             ||    10
 Cast: Sting             ||    37
 Stab: Sleeping          ||     2
Armor: Skin              ||     1
Dodge: Dodged            ||    42
